 Dungeon Crawl Stone Soup version 0.22.0-60-ga52c2fcf6e (webtiles) character file.

77 Darkell the Chiller (level 4, 0/30 HPs)
             Began as a Demonspawn Ice Elementalist on Sept 10, 2018.
             Slain by a gnoll
             ... wielding a +0 spear
              (8 damage)
             ... on level 3 of the Dungeon.
             The game lasted 00:02:05 (2447 turns).

Darkell the Chiller (Demonspawn Ice Elementalist)   Turns: 2447, Time: 00:02:05

Health: 0/30       AC:  2    Str: 10    XL:     4   Next: 13%
Magic:  2/7        EV: 12    Int: 16    God:
Gold:   95         SH:  0    Dex: 13    Spells: 6/7 levels left

rFire    . . .     SeeInvis .   (no weapon)
rCold    . . .     Gourm    .   (no shield)
rNeg     . . .     Faith    .   a - +0 robe
rPois    .         Spirit   .   (no helmet)
rElec    .         Reflect  .   (no cloak)
rCorr    .         Harm     .   (no gloves)
MR       .....     Rnd*Tele +   (no boots)
Stlth    +++.......             (no amulet)
HPRegen  0.10/turn              h - +5 ring of slaying
MPRegen  0.10/turn              i - ring of teleportation (curse)

@: no status effects
A: nightstalker 1
a: no special abilities


You were on level 3 of the Dungeon.
You were hungry.

You visited 1 branch of the dungeon, and saw 3 of its levels.

You collected 95 gold pieces.

Inventory:

Armour
 a - a +0 robe (worn)
Jewellery
 h - a +5 ring of slaying (left hand)
 i - a cursed ring of teleportation (right hand)
Scrolls
 b - 2 scrolls of identify {unknown}
 g - a scroll of enchant armour {unknown}
 m - a scroll of teleportation {unknown}
 n - a scroll of enchant weapon {unknown}
 o - a scroll of blinking {unknown}
Potions
 d - 3 potions of curing
 e - a potion of mutation {unknown}
 f - a potion of magic {unknown}
 j - a potion of might {unknown}
 k - a potion of ambrosia {unknown}
 l - a potion of cancellation {unknown}
Comestibles
 c - 4 rations


   Skills:
 - Level 1.7 Dodging
 - Level 1.7 Stealth
 - Level 2.0 Spellcasting
   Level 1.0 Conjurations
 + Level 4.5 Ice Magic


You had 6 spell levels left.
You knew the following spells:

 Your Spells              Type           Power        Failure   Level  Hunger
a - Freeze                Ice            ###.         3%          1    #......

Your spell library contained the following spells:

 Spells                   Type           Power        Failure   Level  Hunger
 Throw Frost              Conj/Ice       ##....       10%         2    ###....
 Ozocubu's Armour         Chrm/Ice       #.......     24%         3    ###....
 Throw Icicle             Conj/Ice       ##......     54%         4    #####..
 Summon Ice Beast         Ice/Summ       #.......     63%         4    #####..


Dungeon Overview and Level Annotations

Branches:
Dungeon (3/15)

Altars:


Innate Abilities, Weirdness & Mutations

You are slightly more attuned to the shadows.


Message History

Confirm with . or Enter, or press ? or * to list all spells.
Aiming: Freeze (safe; 3% risk of failure)
Press: ? - help, Shift-Dir - straight line, f/p - gnoll
Aim: a gnoll, wielding a flail (heavily wounded)
You freeze the gnoll.
You kill the gnoll!
You have reached level 4!
You feel stronger.
The gnoll hits you from afar with a spear!
You struggle against the net.
The gnoll barely misses you.
You tear a large gash into the net.
The gnoll hits you from afar with a spear.
* * * LOW HITPOINT WARNING * * *
You struggle against the net.
The gnoll hits you from afar with a spear.
* * * LOW HITPOINT WARNING * * *
It was a potion of curing.
You feel better. The gnoll closely misses you.
You rip the net and break free!
The gnoll hits you from afar with a spear!
You die...

#.#.####.#
#.#..(...#
#.########
#.# #.#
#.#####
#.#.g.
#.#)#
#.@)#
#####


You could see a gnoll.

Vanquished Creatures
  2 gnolls (D:3)
  An adder (D:2)
  An ooze (D:2)
  3 leopard geckos
  8 giant cockroaches (D:2)
  4 goblins
  4 hobgoblins
  7 bats
  A frilled lizard (D:1)
  4 kobolds (D:1)
  5 rats
40 creatures vanquished.

Notes
Turn   | Place    | Note
-------+----------+-------------------------------------------
     0 | D:1      | Darkell the Demonspawn Ice Elementalist began the quest for
                  | the Orb.
     0 | D:1      | Reached XP level 1. HP: 13/13 MP: 3/3
   131 | D:1      | Reached skill level 3 in Ice Magic
   289 | D:1      | Gained mutation: You are slightly more attuned to the
                  | shadows. [demonic ancestry]
   289 | D:1      | Reached XP level 2. HP: 19/19 MP: 0/5
   415 | D:1      | You fall through a shaft!
  1569 | D:2      | Reached XP level 3. HP: 24/24 MP: 4/6
  1672 | D:2      | Reached skill level 4 in Ice Magic
  2442 | D:3      | Reached XP level 4. HP: 23/30 MP: 1/7
  2447 | D:3      | Slain by a gnoll

Skill      XL: |  1  2  3 |
---------------+----------+-----
Ice Magic      | 3 4 |  4.5
Dodging        | |  1.7
Stealth        | |  1.7
Spellcasting   | |  2.0
Conjurations   | |  1.0

Action                   |  1- 3 |  4- 6 || total
-------------------------+-------+-------++-------
Melee: Unarmed           |    36 |       ||    36
 Cast: Freeze            |    57 |     1 ||    58
  Use: Potion            |       |     1 ||     1
 Stab: Sleeping          |     4 |       ||     4
  Eat: Chunk             |     5 |       ||     5
Armor: Robe              |    28 |       ||    28
Dodge: Dodged            |    63 |     2 ||    65
